 Dungeon Crawl Stone Soup version 0.29.1-1-gd02db6906a (console) character file.

Game seed: 12455145197189555206

5 sentinel the Digger (level 2, 20/20 HPs)
             Began as a Meteoran Earth Elementalist on Sept 30, 2022.
             Quit the game on level 1 of the Dungeon.
             The game lasted 00:00:05 (98 turns).

sentinel the Digger (Meteoran Earth Elementalist)     Turns: 98, Time: 00:00:05

Health: 20/20      AC:  2    Str:  9    XL:     2   Next: 5%
Magic:  6/6        EV: 12    Int: 16    God:
Gold:   0          SH:  0    Dex: 14    Spells: 5/6 levels left

rFire   . . .      SeeInvis .   (no weapon)
rCold   . . .      Faith    .   (no shield)
rNeg    . . .      Spirit   .   a - +0 robe
rPois   .          Reflect  .   (no helmet)
rElec   .          Harm     .   (no cloak)
rCorr   .          Rampage  .   (no gloves)
Will    .....                   (no boots)
Stlth   +.........              (no amulet)
HPRegen 0.06/turn               (no ring)
MPRegen 0.10/turn               (no ring)

@: glowing
A: sense surroundings 1, otherworldly, glowing, explore regen
a: no special abilities


You were on level 1 of the Dungeon.
You visited 1 branch of the dungeon, and saw 1 of its levels.

Inventory:

Armour
 a - a +0 robe (worn)
Scrolls
 c - a scroll of blinking {unknown}
Potions
 b - a potion of magic
 d - 2 potions of attraction {unknown}


   Skills:
 - Level 2.4 Dodging
 - Level 1.4 Stealth
 - Level 2.6 Spellcasting
 - Level 1.2 Transmutations
 + Level 4.1 Earth Magic


You had 5 spell levels left.
You knew the following spells:

 Your Spells              Type           Power      Damage    Failure   Level
a - Sandblast             Erth           30%        2d9       3%          1

Your spell library contained the following spells:

 Spells                   Type           Power      Damage    Failure   Level
 Passwall                 Tmut/Erth      8%         N/A       10%         2
 Shock                    Conj/Air       8%         1d3       19%         1
 Stone Arrow              Conj/Erth      16%        3d8       26%         3
 Swiftness                Air            2%         N/A       50%         3
 Petrify                  Tmut/Erth      10%        N/A       54%         4
 Airstrike                Air            1%         2d(1-17)  88%         4


Dungeon Overview and Level Annotations

Branches:
Dungeon (1/15) Zot: 499

Altars:

Shops:
D:1 (


Innate Abilities, Weirdness & Mutations

You passively map a small area around you.
You are easily found by Zot.
You glow in the dark.
You regain HP and MP as you explore.


Message History

Press ? for a list of commands and other information.
Found a scroll labelled XURRYSM ADAXT and a book of Air.
Found a staircase leading out of the dungeon.
Unknown command.
Unknown command.
Unknown command.
You pick up a book of Air and begin reading...
You add the spells Shock, Swiftness and Airstrike to your library.
Unknown command.
c - a scroll labelled XURRYSM ADAXT Unknown command.
A jackal comes into view.
Unknown command.
But you're not safe!
Unknown command.
But you're not safe!
Unknown command.
The jackal barks!
You hear a bark!
A jackal comes into view.
The blast of sand hits the jackal!
You kill the jackal!
The blast of sand hits the jackal.
The jackal is moderately wounded.
Unknown command.
The blast of sand hits the jackal.
You kill the jackal!
Unknown command.
You can't see any susceptible monsters within range! (Use Z to cast anyway.) Unknown command.
You can't see any susceptible monsters within range! (Use Z to cast anyway.) Unknown command.
No target in view!
No target in view!
You can't see any susceptible monsters within range! (Use Z to cast anyway.) Unknown command.
You can't see any susceptible monsters within range! (Use Z to cast anyway.) Unknown command.
You can't see any susceptible monsters within range! (Use Z to cast anyway.) Unknown command.
You can't see any susceptible monsters within range! (Use Z to cast anyway.) Unknown command.
No target in view!
No target in view!
You can't see any susceptible monsters within range! (Use Z to cast anyway.) Unknown command.
You can't see any susceptible monsters within range! (Use Z to cast anyway.) Unknown command.
You can't see any susceptible monsters within range! (Use Z to cast anyway.) Unknown command.
You can't see any susceptible monsters within range! (Use Z to cast anyway.) Unknown command.
You see here a jackal corpse.
Found a leather armour.
You see here a jackal corpse.
Unknown command.
Magic restored.
Found a whip.
Unknown command.
Found 16 gold pieces.
Unknown command.
Found a trident.
Unknown command.
Found a stone staircase leading down.
Unknown command.
No target in view!
No target in view!
You can't see any susceptible monsters within range! (Use Z to cast anyway.) Unknown command.
You can't see any susceptible monsters within range! (Use Z to cast anyway.) Unknown command.
You can't see any susceptible monsters within range! (Use Z to cast anyway.) Unknown command.
You can't see any susceptible monsters within range! (Use Z to cast anyway.) Unknown command.
No target in view!
No target in view!
You can't see any susceptible monsters within range! (Use Z to cast anyway.) Unknown command.
You can't see any susceptible monsters within range! (Use Z to cast anyway.) Unknown command.
You can't see any susceptible monsters within range! (Use Z to cast anyway.) Unknown command.
You can't see any susceptible monsters within range! (Use Z to cast anyway.) Unknown command.
No target in view!
No target in view!
You can't see any susceptible monsters within range! (Use Z to cast anyway.) Unknown command.
You can't see any susceptible monsters within range! (Use Z to cast anyway.) Unknown command.
You can't see any susceptible monsters within range! (Use Z to cast anyway.) Unknown command.
You can't see any susceptible monsters within range! (Use Z to cast anyway.) Unknown command.
d - 2 cyan potions Unknown command.
A dart slug comes into view.
Unknown command.
But you're not safe!
Unknown command.
But you're not safe!
Unknown command.
But you're not safe!
Unknown command.
The blast of sand hits the dart slug!
The dart slug is almost dead.
The blast of sand hits the dart slug!
You kill the dart slug!
Your Earth Magic skill increases to level 4!
You have reached level 2!
Unknown command.
You can't see any susceptible monsters within range! (Use Z to cast anyway.) Unknown command.
You can't see any susceptible monsters within range! (Use Z to cast anyway.) Unknown command.
No target in view!
No target in view!
You can't see any susceptible monsters within range! (Use Z to cast anyway.) Unknown command.
You can't see any susceptible monsters within range! (Use Z to cast anyway.) Unknown command.
You can't see any susceptible monsters within range! (Use Z to cast anyway.) Unknown command.
You can't see any susceptible monsters within range! (Use Z to cast anyway.) Unknown command.
No target in view!
No target in view!
You can't see any susceptible monsters within range! (Use Z to cast anyway.) Unknown command.
You can't see any susceptible monsters within range! (Use Z to cast anyway.) Unknown command.
You can't see any susceptible monsters within range! (Use Z to cast anyway.) Unknown command.
You can't see any susceptible monsters within range! (Use Z to cast anyway.) Unknown command.
Found Usuj's Weapon Shoppe.
Unknown command.
Found a human corpse and a robe.
Unknown command.
A quokka comes into view.
Unknown command.
But you're not safe!
Unknown command.
But you're not safe!
Unknown command.
Unknown command.
Unknown command.
Unknown command.
Unknown command.
Are you sure you want to abandon this character and quit the game? (Confirm with "yes".)

* ##...* * ##..r[ ,
#.†......#. , ,
##...∩....#.# . # #......
....# .. ### # #....,
...##.# #####..
#.##...###..... ..##...
#... #@##...# #.##... *
##...##.##...# #.#...#
...........>.#####.#...#
*
,.......................#
.....##........#####)..#
...............# ##...
###..#...#####.# #... *
#. #...# #.# ##.. *,
#...#* #.., ###


You could see a quokka.

Vanquished Creatures
  A dart slug (D:1)
  2 jackals (D:1)
3 creatures vanquished.

Notes
Turn   | Place    | Note
-------+----------+-------------------------------------------
     0 | D:1      | sentinel the Meteoran Earth Elementalist began the quest
                  | for the Orb.
     0 | D:1      | Reached XP level 1. HP: 14/14 MP: 5/5
    93 | D:1      | Reached skill level 4 in Earth Magic
    93 | D:1      | Reached XP level 2. HP: 20/20 MP: 3/6
    94 | D:1      | Found Usuj's Weapon Shoppe.
    98 | D:1      | Quit the game

Illustrated notes

Levels and vault maps discovered:
D:1:      dpeg_arrival_oval, layout_basic, serial_shops,
          nicolae_shop_bloodbath_and_beyond,
          shapermc_ecumenical_altar_hornbeckon

Skill      XL: |  1 |
---------------+----+-----
Earth Magic    | 4 |  4.1
Dodging        | |  2.4
Stealth        | |  1.4
Spellcasting   | |  2.6
Transmutations | |  1.2

Action                   || total
-------------------------++-------
 Cast: Sandblast         ||     5
